 Dungeon Crawl Stone Soup version 0.25-a0-424-g80bd347ae0 (webtiles) character file.

Game seed: 17868129821910450008, levelgen mode: deterministic

51 kae the Chiller (level 3, -3/24 HPs)
             Began as a Merfolk Ice Elementalist on Jan 22, 2020.
             Slain by a gnoll (8 damage)
             ... on level 2 of the Dungeon.
             The game lasted 00:02:06 (1642 turns).

kae the Chiller (Merfolk Ice Elementalist)          Turns: 1642, Time: 00:02:06

Health: -3/24      AC:  3    Str:  9    XL:     3   Next: 83%
Magic:  1/6        EV: 13    Int: 14    God:
Gold:   29         SH:  0    Dex: 14    Spells: 6/7 levels left

rFire    . . .     SeeInvis .   f - +0 short sword
rCold    . . .     Gourm    .   (no shield)
rNeg     . . .     Faith    .   a - +0 robe
rPois    .         Spirit   .   (no helmet)
rElec    .         Reflect  .   (no cloak)
rCorr    .         Harm     .   l - +0 pair of gloves
MR       .....     Rnd*Tele +   (no boots)
Stlth    ++........             (no amulet)
HPRegen  0.08/turn              i - ring of teleportation (curse)
MPRegen  0.10/turn              (no ring)

@: very slightly contaminated
A: change form in water, swift swim, stealthy swim
a: no special abilities


You were on level 2 of the Dungeon.
You were not hungry.

You visited 1 branch of the dungeon, and saw 2 of its levels.

You collected 29 gold pieces.

Inventory:

Hand Weapons
 b - a +0 dagger
 f - a +0 short sword (weapon)
Armour
 a - a +0 robe (worn)
 l - a +0 pair of gloves (worn)
Jewellery
 i - a cursed ring of teleportation (left hand)
Potions
 d - 2 potions of degeneration
 g - a potion of brilliance {unknown}
 k - 2 potions of curing {unknown}
Comestibles
 c - 2 rations


   Skills:
 - Level 2.6 Dodging
 - Level 2.1 Stealth
 + Level 2.6 Spellcasting
 * Level 5.5 Ice Magic


You had 6 spell levels left.
You knew the following spells:

 Your Spells              Type           Power        Failure   Level  Hunger
a - Freeze                Ice            ###.         2%          1    #......

Your spell library contained the following spells:

 Spells                   Type           Power        Failure   Level  Hunger
 Ozocubu's Armour         Chrm/Ice       #.......     22%         3    ###....
 Hailstorm                Conj/Ice       #.......     58%         4    #####..
 Summon Ice Beast         Ice/Summ       #.......     58%         4    #####..


Dungeon Overview and Level Annotations

Branches:
Dungeon (2/15)

Altars:
Okawaru


Message History

The gnoll is heavily wounded.
The gnoll hits you.
Casting: Freeze (safe; 2% risk of failure)
Confirm with . or Enter, or press ? or * to list all spells.
Aiming: Freeze (safe; 2% risk of failure)
Press: ? - help, Shift-Dir - straight line, f/p - gnoll
Aim: a gnoll (heavily wounded)
You freeze the gnoll.
The gnoll is severely wounded.
The gnoll hits you.
* * * LOW HITPOINT WARNING * * *
Casting: Freeze (safe; 2% risk of failure)
Confirm with . or Enter, or press ? or * to list all spells.
Aiming: Freeze (safe; 2% risk of failure)
Press: ? - help, Shift-Dir - straight line, f/p - gnoll
Aim: a gnoll (severely wounded)
You freeze the gnoll.
The gnoll is severely wounded.
The gnoll hits you!
You die...

####### #.#.#.##
##≈≈≈≈≈≈### ######
#_......(.##########......
##≈≈≈≈≈≈#(..(............#
##.#.#.#<(((..((.(.......
#######(##########.###..
#(# # #@# #g# ##s#######
#..>...... #.†#####..
....# ......# ##.##... #.
...#


You could see a gnoll and a giant cockroach.

Vanquished Creatures
  2 leopard geckos
  An orc (D:2)
  A ball python (D:2)
  9 bats (D:1)
  2 giant cockroaches
  3 goblins
  6 hobgoblins
  7 jackals
  5 kobolds
  2 rats (D:1)
38 creatures vanquished.

Notes
Turn   | Place    | Note
-------+----------+-------------------------------------------
     0 | D:1      | kae the Merfolk Ice Elementalist began the quest for the
                  | Orb.
     0 | D:1      | Reached XP level 1. HP: 13/13 MP: 3/3
   174 | D:1      | Reached XP level 2. HP: 10/19 MP: 1/5
   784 | D:1      | Reached skill level 5 in Ice Magic
   868 | D:1      | Reached XP level 3. HP: 24/24 MP: 4/6
  1571 | D:2      | Found an iron altar of Okawaru.
  1642 | D:2      | Slain by a gnoll

Levels and vault maps discovered:
D:1:      eino_arrival_druids_welcome, layout_basic, minmay_liquid_box,
          chequers_jeans, minmay_misc_feat_doors, due_unseen_surprise
D:2:      layout_loops_ring, gammafunk_temple_overflow_elements, tgw_fedhas,
          nicolae_qazlal_general_emergency, okawaru_altar_gauntlet_db,
          hangedman_decor_riveting, uniq_jessica, uniq_crazy_yiuf_cottage

Skill      XL: |  1  2 |
---------------+-------+-----
Ice Magic      | 5 |  5.5
Dodging        | |  2.6
Stealth        | |  2.1
Spellcasting   | |  2.6

Action                   || total
-------------------------++-------
Melee: Dagger            ||    22
       Unarmed           ||     5
       Short sword       ||    28
 Cast: Freeze            ||    46
  Use: Scroll            ||     3
  Eat: Chunk             ||     3
Armor: Robe              ||    34
Dodge: Dodged            ||   112

Table legend:
 A = Non-vault XP
 B = Vault XP
 C = Vault XP percentage of total XP
 D = Non-vault monster count
 E = Vault monster count
 F = Vault count percentage of total count
                 A         B        C        D         E       F
            +---------+---------+-------+---------+---------+-------
      Total |      63 |      11 |  14.9 |      33 |       5 |  13.2
            +---------+---------+-------+---------+---------+-------
        D:1 |      50 |       2 |   3.8 |      27 |       1 |   3.6
        D:2 |      13 |       9 |  40.9 |       6 |       4 |  40.0
            +---------+---------+-------+---------+---------+-------
